 Dungeon Crawl Stone Soup version 0.31-a0-187-gba352fbbf7 (webtiles) character file.

Game seed: 7054817973392980514

340 qw the Skirmisher (level 6, -2/35 HPs)
             Began as a Deep Elf Hunter on June 22, 2023.
             Was an Initiate of Okawaru.
             Slain by an iguana (4 damage)
             ... on level 5 of the Dungeon.
             The game lasted 00:01:08 (2849 turns).

qw the Skirmisher (Deep Elf Hunter)                 Turns: 2849, Time: 00:01:08

Health: -2/35      AC:  7    Str: 10    XL:     6   Next: 30%
Magic:  8/8        EV: 11    Int: 14    God:    Okawaru [......]
Gold:   204        SH:  0    Dex: 18    Spells: 5/5 levels left

rFire   . . .        Y - +0 shortbow (flame)
rCold   . . .        (shield currently unavailable)
rNeg    . . .        m - +1 ring mail
rPois   .            (no helmet)
rElec   .            h - scarf {repulsion}
rCorr   .            (no gloves)
SInv    .            a - +0 pair of boots
Will    .....        (no amulet)
Stlth   +            (no ring)
HPRegen 0.25/turn    (no ring)
MPRegen 0.11/turn

%: repel missiles
@: about to teleport
A: no striking features
a: Renounce Religion


You were on level 5 of the Dungeon.
You worshipped Okawaru.
Okawaru was noncommittal.
You visited 2 branches of the dungeon, and saw 6 of its levels.

You collected 204 gold pieces.


   Skills:
 - Level 2.0 Fighting
 + Level 9.8 Ranged Weapons
 - Level 2.4 Dodging
 - Level 1.2 Stealth


You had 5 spell levels left.
You didn't know any spells.
Your spell library was empty.

Inventory:

Hand Weapons
 Y - a +0 shortbow of flaming (weapon)
Armour
 a - a +0 pair of boots (worn)
 h - a scarf of repulsion (worn)
 m - a +1 ring mail (worn)
Scrolls
 b - a scroll of torment {unknown}
 j - 2 scrolls of identify
Potions
 c - a potion of resistance {unknown}
 d - 2 potions of enlightenment
 f - 2 potions of heal wounds
 g - 4 potions of curing
 i - a potion of invisibility {unknown}
 k - a potion of ambrosia {unknown}
 l - a potion of degeneration {unknown}
 n - a potion of cancellation {unknown}

Dungeon Overview and Level Annotations

Branches:
Dungeon (5/15)             Temple (1/1) D:4

Altars:
Cheibriados
Dithmenos
Fedhas
Gozag
Kikubaaqudgha
Okawaru
Wu Jian
Xom
Yredelemnul
Zin
The Shining One

Shops:
D:2 (


Message History

You now have 186 gold pieces (gained 12).
Found a long sword.
Found a stone staircase leading down.
An orc comes into view. It is wielding a +0 club.
Found a stone staircase leading down.
You shoot an arrow. The arrow hits the orc.
The arrow burns the orc.
You kill the orc!
Okawaru accepts your kill.
Found a stone staircase leading up.
You see here a +0 long sword.
You now have 204 gold pieces (gained 18).
j - 2 scrolls of identify (gained 1)
A sleepcap, an iguana and an orc come into view.
Enter note:
Enter note: You shoot an arrow.
The arrow hits the orc but does no damage.
You shoot an arrow. The arrow barely misses the orc.
You shoot an arrow. The arrow hits the orc.
The arrow burns the orc.
The orc is almost dead.
You shoot an arrow. The arrow hits the orc.
The arrow burns the orc.
You kill the orc!
Okawaru accepts your kill.
You shoot an arrow.
The arrow hits the iguana but does no damage.
You shoot an arrow.
The arrow hits the iguana but does no damage.
You shoot an arrow. The arrow hits the iguana!
The arrow burns the iguana.
The iguana is severely wounded.
The iguana misses you.
You shoot an arrow. The arrow barely misses the iguana.
The iguana bites you. The sleepcap releases spores at you.
You are engulfed in a cloud of soporific spores!
You fall asleep.
The iguana bites you!
You wake up.
The sleepcap releases spores at you!
2849 ||| READING scroll of teleportation.
As you read the scroll of teleportation, it crumbles to dust.
You feel strangely unstable. The iguana bites you.
You die...

... ###.............
..... #...............
...... <#)...)........
......###.#.............
..........#.............
....).#..###............
.........# ##......#..>.
#..l..#########.#####
##.f@...........#
#...############ #...#
#####


You could see a sleepcap and an iguana.

Vanquished Creatures
  2 scorpions (D:3)
  A hound (D:4)
  A jelly (D:4)
  Jessica (D:2)
  6 adders
  An ufetubus (D:4)
  2 dart slugs
  3 worms
  3 orcs
  4 bats
  4 endoplasms
  A giant cockroach (D:2)
  7 hobgoblins
  4 jackals (D:1)
  9 kobolds
  A quokka (D:1)
  A ball python (D:3)
  2 frilled lizards
  5 goblins
  6 rats
64 creatures vanquished.

Notes
Turn   | Place    | Note
-------+----------+-------------------------------------------
     0 | D:1      | qw the Deep Elf Hunter began the quest for the Orb.
     0 | D:1      | Reached XP level 1. HP: 12/12 MP: 3/3
     0 | D:1      | 0 ||| qw: Version: 0.3-a-9-g12657ce
     0 | D:1      | 0 ||| qw: Game counter: 1933
     0 | D:1      | 0 ||| qw: Always use a shield: true
     0 | D:1      | 0 ||| qw: God list: Okawaru
     0 | D:1      | 0 ||| qw: Allow faded altars: false
     0 | D:1      | 0 ||| qw: Do Orc after D:15 true
     0 | D:1      | 0 ||| qw: Do second Lair branch before Depths: true
     0 | D:1      | 0 ||| qw: Lair rune preference: random
     0 | D:1      | 0 ||| qw: Plans: Normal
     0 | D:1      | 0 ||| PLANNING D:1-11
   244 | D:1      | 244 ||| FLEEEEING.
   272 | D:1      | Reached skill level 6 in Ranged Weapons
   272 | D:1      | Reached XP level 2. HP: 16/16 MP: 4/4
   929 | D:1      | 929 ||| READING scroll labelled WUFANNOLIL.
   930 | D:1      | 930 ||| DRINKING 2 golden potions.
   931 | D:1      | 931 ||| DRINKING 2 fizzy green potions.
   932 | D:1      | 932 ||| DROPPING scroll of butterflies.
  1033 | D:2      | Noticed Jessica
  1036 | D:2      | Killed Jessica
  1037 | D:2      | Reached skill level 7 in Ranged Weapons
  1037 | D:2      | Reached XP level 3. HP: 20/20 MP: 5/5
  1109 | D:2      | Found a blossoming altar of Fedhas.
  1139 | D:2      | Reached XP level 4. HP: 25/25 MP: 6/6
  1378 | D:2      | Found Vywag's Antique Weapon Shoppe.
  1420 | D:2      | 1420 ||| UPGRADING to scarf of repulsion.
  1425 | D:2      | 1425 ||| UPGRADING to +0 scale mail.
  1435 | D:2      | 1435 ||| DROPPING +0 leather armour.
  1436 | D:2      | 1436 ||| READING 2 scrolls labelled OKHLIU RAXKASI.
  1437 | D:2      | 1437 ||| READING scroll labelled RAIKUFITER.
  1438 | D:2      | 1438 ||| DRINKING 3 inky potions.
  1467 | D:3      | Noticed a scorpion
  1474 | D:3      | HP: 6/25 [poisoned by a scorpion]
  1474 | D:3      | HP: 1/25 [scorpion (5)]
  1475 | D:3      | 1475 ||| DRINKING 2 potions of heal wounds.
  1481 | D:3      | Killed a scorpion
  1482 | D:3      | Reached skill level 8 in Ranged Weapons
  1482 | D:3      | Reached XP level 5. HP: 14/29 MP: 7/7
  1487 | D:3      | 1487 ||| FLEEEEING.
  1496 | D:3      | 1496 ||| STAIRDANCE
  1503 | D:2      | 1503 ||| FLEEEEING.
  1504 | D:2      | 1504 ||| FLEEEEING.
  1510 | D:2      | 1510 ||| STAIRDANCE
  1594 | D:3      | Reached skill level 9 in Ranged Weapons
  1682 | D:3      | 1682 ||| FLEEEEING.
  1683 | D:3      | 1683 ||| FLEEEEING.
  1684 | D:3      | 1684 ||| FLEEEEING.
  1685 | D:3      | 1685 ||| FLEEEEING.
  1686 | D:3      | 1686 ||| STAIRDANCE
  1719 | D:2      | 1719 ||| UPGRADING to +0 ring mail.
  1729 | D:2      | 1729 ||| DROPPING +0 scale mail.
  1730 | D:2      | 1730 ||| READING scroll of enchant armour.
  1730 | D:2      | 1730 ||| ENCHANTING +0 ring mail.
  1731 | D:2      | 1731 ||| READING scroll labelled PYMURUXKESM.
  1732 | D:2      | 1732 ||| DRINKING 2 smoky white potions.
  1776 | D:2      | 1776 ||| DROPPING potion of lignification.
  1949 | D:3      | Found an ancient bone altar of Kikubaaqudgha.
  2038 | D:3      | 2038 ||| UPGRADING to +0 pair of boots.
  2043 | D:3      | 2043 ||| READING scroll labelled MOSTAU MITIH.
  2165 | D:4      | Reached XP level 6. HP: 35/35 MP: 8/8
  2205 | D:4      | Found a staircase to the Ecumenical Temple.
  2206 | D:4      | 2206 ||| PLANNING TEMPLE
  2206 | D:4      | 2206 ||| READING scroll labelled SIAHEN NOAVYA.
  2213 | Temple   | Entered the Ecumenical Temple
  2251 | Temple   | 2251 ||| PLANNING OKAWARU WORSHIP
  2441 | Temple   | Became a worshipper of Warmaster Okawaru
  2442 | Temple   | 2442 ||| PLANNING D:1-11
  2775 | D:4      | 2775 ||| READING 2 scrolls of identify.
  2775 | D:4      | 2775 ||| IDENTIFYING orange potion
  2776 | D:4      | 2776 ||| DROPPING potion of brilliance.
  2792 | D:5      | Entered Level 5 of the Dungeon
  2848 | D:5      | HP: 2/35 [sleepcap (7)]
  2849 | D:5      | 2849 ||| READING scroll of teleportation.
  2849 | D:5      | Slain by an iguana

Levels and vault maps discovered:
D:1:      giann_forest_graveyard, layout_loops_corners
D:2:      layout_rooms, basic_altar, serial_shops, shop, uniq_jessica
D:3:      layout_rooms, mainiacjoe_overflow_boulevard
D:4:      layout_cave_pools, minmay_temple_entry_ruins
D:5:      layout_rooms
Temple:   jpeg_temple_alley_garden

Skill      XL: |  1  2  3  4  5 |
---------------+----------------+-----
Ranged Weapons | 6 7 8 9 |  9.8
Fighting       | 2 |  2.0
Dodging        | |  2.4
Stealth        | |  1.2

Action                     |  1- 3 |  4- 6 || total
---------------------------+-------+-------++-------
   Fire: Shortbow          |    87 |   124 ||   211
    Use: Potion            |     2 |     3 ||     5
         Scroll            |     1 |     8 ||     9
 Armour: Leather armour    |    10 |     1 ||    11
         Scale mail        |       |    17 ||    17
         Ring mail         |       |     2 ||     2
  Dodge: Dodged            |    35 |    31 ||    66
         Repelled          |       |     1 ||     1

Table legend:
 A = Non-vault XP
 B = Vault XP
 C = Vault XP percentage of total XP
 D = Non-vault monster count
 E = Vault monster count
 F = Vault count percentage of total count
                 A         B        C        D         E       F
            +---------+---------+-------+---------+---------+-------
      Total |     450 |      37 |   7.6 |      63 |       1 |   1.6
            +---------+---------+-------+---------+---------+-------
        D:1 |      32 |       0 |   0.0 |      19 |       0 |   0.0
        D:2 |      68 |      37 |  35.2 |      18 |       1 |   5.3
        D:3 |     212 |       0 |   0.0 |      15 |       0 |   0.0
        D:4 |     132 |       0 |   0.0 |       9 |       0 |   0.0
        D:5 |       6 |       0 |   0.0 |       2 |       0 |   0.0
            +---------+---------+-------+---------+---------+-------
